AoeStats
← DGGMaster

Lombardia

509446599Analyzed
3v3 RM · 5d ago on Sep 26, 2026· 47m 54s· 6 players
Game mode
Random Map
Map size
Normal (6 player)
Population
200
Speed
Normal
Resources
Standard
Victory
Conquest
Starting age
Dark Age
Ending age
Imperial Age
RankedLock teamsTeams togetherTeam positionsShared explorationLock speedFull tech treeHidden civsTurbo modeCheats
Victory
Defeat
🇳🇱 Magyars · Netherlands
1054
+16
🇳🇱 Khmer · Netherlands
1026
+17
🇳🇱 Burgundians · Netherlands
1025
+17
🇬🇧 Celts · United Kingdom
1090
-19
🇬🇧 Franks · United Kingdom
1031
-16
🇳🇿 Saxons · New Zealand
1012
-15
bluemaster
10:14 Feudal Age
8:29 Loom
9:01 Double-Bit Axe
13:38 Horse Collar
16:41 Scale Barding Armor
22:59 Castle Age
21:21 Gold Mining
21:34 Heavy Plow
23:26 Bow Saw
23:09 Cavalier
24:50 Chain Barding Armor
25:44 Forging
25:36 Husbandry
30:06 Iron Casting
30:03 Stone Mining
33:13 Wheelbarrow
32:26 Town Watch
33:21 Squires
38:41 Imperial Age
37:48 Hand Cart
39:14 Scale Mail Armor
38:53 Paladin
40:20 Conscription
39:48 Pikeman
42:58 Plate Barding Armor
42:21 Light Cavalry
43:06 Fletching
43:37 Ballistics
44:08 Hussar
45:05 Burgundian Vineyards
47:23 Blast Furnace
46:39 Town Patrol
47:48 Halberdier
DGGMaster
6:36 Loom
10:59 Feudal Age
13:09 Wheelbarrow
12:23 Town Watch
12:21 Horse Collar
14:10 Town Watch
14:14 Double-Bit Axe
23:51 Castle Age
22:19 Bloodlines
24:08 Light Cavalry
24:14 Pikeman
25:29 Husbandry
26:08 Heavy Plow
30:29 Town Patrol
34:47 Fletching
37:52 Ballistics
43:13 Imperial Age
42:04 Bodkin Arrow
44:29 Cavalier
45:58 Bracer
46:45 Padded Archer Armor
48:09 Leather Archer Armor
48:45 Wheelbarrow
48:29 Masonry
47:59 Treadmill Crane
48:33 Bow Saw
TomatoMaster
2:37 Loom
12:43 Feudal Age
13:09 Double-Bit Axe
13:08 Horse Collar
20:34 Castle Age
19:21 Stone Mining
21:16 Bloodlines
22:17 Bow Saw
23:54 Heavy Plow
27:05 Wheelbarrow
30:45 Gold Mining
33:14 Hand Cart
36:52 Imperial Age
36:28 Ballistics
36:16 Padded Archer Armor
36:07 Fletching
36:33 Husbandry
35:55 Light Cavalry
36:57 Town Watch
37:21 Heavy Scorpion
39:16 Gold Shaft Mining
38:30 Elite Skirmisher
39:08 Hussar
41:00 Conscription
41:06 Conscription
40:58 Double Crossbow
43:17 Chemistry
42:30 Masonry
42:16 Murder Holes
42:21 Bodkin Arrow
42:41 Leather Archer Armor
43:49 Crop Rotation
43:23 Town Patrol
47:35 Capped Ram
StevenW5318
7:45 Loom
10:44 Feudal Age
15:15 Castle Age
13:34 Double-Bit Axe
14:01 Horse Collar
14:32 Loom
16:51 Bow Saw
17:58 Loom
23:47 Wheelbarrow
23:20 Heavy Plow
24:25 Crossbowman
25:31 Gold Mining
25:38 Fletching
26:40 Bodkin Arrow
26:46 Padded Archer Armor
27:38 Hand Cart
28:53 Thumb Ring
29:10 Leather Archer Armor
29:18 Ballistics
29:14 Town Watch
34:02 Imperial Age
34:25 Arbalester
34:39 Shield Wall
35:40 Conscription
37:27 Two-Man Saw
36:40 Bracer
37:11 Ring Archer Armor
36:42 Scale Mail Armor
36:52 Forging
36:50 Arson
37:05 Squires
36:51 Gambesons
38:07 Elite Varangian Guard
41:48 Gold Shaft Mining
42:40 Onager
45:09 Iron Casting
44:50 Chain Mail Armor
CrusadingChicken
7:58 Loom
11:11 Feudal Age
11:20 Man-at-Arms
11:50 Double-Bit Axe
11:54 Arson
15:38 Scale Mail Armor
15:48 Forging
19:08 Castle Age
25:02 Forging
24:51 Long Swordsman
25:17 Gambesons
26:11 Horse Collar
29:48 Chain Mail Armor
32:46 Iron Casting
32:02 Pikeman
35:27 Bow Saw
35:14 Stone Mining
35:17 Gold Mining
38:06 Stone Shaft Mining
38:08 Gold Shaft Mining
37:36 Heavy Plow
43:14 Imperial Age
DAREDEVILINRED
12:58 Feudal Age
12:43 Loom
16:04 Forging
19:14 Castle Age
18:46 Scale Barding Armor
20:35 Gold Mining
20:33 Double-Bit Axe
22:17 Iron Casting
24:48 Husbandry
25:35 Chain Barding Armor
26:27 Wheelbarrow
33:44 Imperial Age
33:55 Cavalier
37:48 Hand Cart
39:20 Paladin
40:41 Stone Mining
42:48 Blast Furnace
42:24 Plate Barding Armor
Connection lost

Rejoining the realm…

Still unreachable

The connection could not be restored.

Session expired

The server has moved on; the page needs a fresh start.